 Dungeon Crawl Stone Soup version 0.31.0-32-g396128a36d (webtiles) character file.

Game seed: 1467167590389592610

872 Alphaeus the Ruffian (level 7, 0/67 HPs)
             Began as a Troll Shapeshifter on Mar 19, 2024.
             Was an Initiate of Gozag.
             Slain by a scorpion (4 damage)
             ... on level 5 of the Dungeon.
             The game lasted 00:03:19 (3175 turns).

Alphaeus the Ruffian (Troll Shapeshifter)           Turns: 3175, Time: 00:03:20

Health: 0/67       AC:  4    Str: 25    XL:     7   Next: 74%
Magic:  6/6        EV:  9    Int:  6    God:    Gozag
Gold:   202        SH:  0    Dex:  9    Spells: 6/6 levels left

rFire   . .          .
                       - Unarmed
rCold   . . .        (no shield)
rNeg    . . .        a - +0 animal skin
rPois   .            (helmet currently unavailable)
rElec   .            (cloak currently unavailable)
rCorr   .            (gloves unavailable)
SInv    .            (boots unavailable)
Will    .....        (no amulet)
Stlth   +            (no ring)
HPRegen 1.11/turn    (no ring)
MPRegen 0.10/turn

%: no passive effects
@: lethally poisoned (0 -> -1), beast-form, gold aura, attractive
A: beast (slay +3), large, unfitting armour, claws 3, regeneration 1, shaggy fur
1, tough skin 1
a: Begin Untransformation, Renounce Religion, Potion Petition, Call Merchant,
Bribe Branch


You were on level 5 of the Dungeon.
You worshipped Gozag.
Gozag was aware of your devotion.
You were a hulking beast.
You visited 1 branch of the dungeon, and saw 5 of its levels.
You also visited: Sewer.

You collected 342 gold pieces.
You spent 58 gold pieces at shops.
You paid 82 gold pieces to Gozag.

Inventory:

Missiles
 p - 2 throwing nets (quivered)
Armour
 a - a +0 animal skin (worn)
 t - a +1 cloak of preservation
Jewellery
 o - a ring of wizardry
Talismans
 c - a beast talisman
 d - a flux talisman
 s - a maw talisman
 u - a dragon-blood talisman
Wands
 z - a wand of digging (1)
Scrolls
 f - 4 scrolls of teleportation
 h - 6 scrolls of identify
 j - a scroll of acquirement {unknown}
 l - 2 scrolls of immolation {unknown}
 n - a scroll of brand weapon {unknown}
 w - a scroll of fog {unknown}
 x - a scroll of revelation {unknown}
 y - a scroll of torment {unknown}
Potions
 b - 2 potions of lignification
 e - 3 potions of attraction
 g - a potion of magic {unknown}
 i - 4 potions of heal wounds {unknown}
 k - a potion of might {unknown}
 m - a potion of ambrosia {unknown}
 q - 3 potions of curing {unknown}
 r - 2 potions of berserk rage {unknown}
 v - 2 potions of haste {unknown}


   Skills:
 + Level 3.2 Fighting
 - Level 1.5 Dodging
 * Level 6.3 Unarmed Combat
 * Level 5.9 Shapeshifting


You had 6 spell levels left.
You didn't know any spells.
Your spell library contained the following spells:

 Spells                   Type           Power      Damage    Failure   Level
 Summon Small Mammal      Summ           0%         N/A       45%         1
 Mercury Vapours          Alch/Air       0%         N/A       58%         2
 Call Canine Familiar     Summ           0%         N/A       83%         3
 Mephitic Cloud           Conj/Alch/Air  0%         N/A       83%         3
 Summon Blazeheart Golem  Fire/Summ      0%         N/A       99%         4
 Freezing Cloud           Conj/Ice/Air   0%         6-21      100%        5


Dungeon Overview and Level Annotations

Branches:
Dungeon (5/15)              Sewer (visited)
 Temple: D:4-7

Altars:
Gozag
Trog
Zin

Shops:
D:2 ?   D:4 ?


Innate Abilities, Weirdness & Mutations

You are a hulking beast.
Your limbs bulge with bestial killing power. (Slay +3)
You are too large for most types of armour.
You have claws for hands.
Your natural rate of healing is unusually fast.
You are covered in fur. (AC +1)
You have tough skin. (AC +1)


Message History

You are too injured to fight recklessly!
You are too injured to fight recklessly!
You are too injured to fight recklessly!
You are too injured to fight recklessly!
You are too injured to fight recklessly!
You are too injured to fight recklessly!
You are too injured to fight recklessly!
You are too injured to fight recklessly!
You are too injured to fight recklessly!
You are too injured to fight recklessly!
You are too injured to fight recklessly!
You are too injured to fight recklessly!
You are too injured to fight recklessly!
You claw the gnoll sergeant!
You kill the gnoll sergeant!
You feel very sick. The gnoll hits you with a +0 spear.
* * * LOW HITPOINT WARNING * * *
You barely miss the scorpion.
You feel very sick.
The gnoll is no longer distracted by gold.
The scorpion is distracted by your dazzling golden aura.
The gnoll barely misses you.
You claw the scorpion!
The scorpion is no longer distracted by gold.
The scorpion is almost dead.
You feel sick. The scorpion closely misses you.
The gnoll hits you with a +0 spear.
* * * LOW HITPOINT WARNING * * *
The scorpion stings you.
* * * LOW HITPOINT WARNING * * *
You feel very sick.
The gnoll hits you from afar with a +0 spear.
* * * LOW HITPOINT WARNING * * *
You see here 6 gold pieces.
It was a potion of attraction.
You feel attractive to monsters.
You feel sick. The scorpion stings you.
You die...
Your body crumbles into a pile of gold.

#.# #.# #.## ## #..##
#) ##..# .# ## #
##.##.###.## [#
##..#.##.##.##.##
#####...#.#.#.#$#.#.#
.........).#..#.h#..#
#####...#...#...#sg.#
##....#....#.gs.#
###...#.....#.....
#.....#......#...[
##.......#.... ..#
#.............. ..
##..##..#.###### #
#.. ......


You could see 2 scorpions and 2 gnolls.

Vanquished Creatures
  An orc warrior (D:4)
  Pargi (Sewer)
  2 ogres (D:5)
  2 phantoms
  A gnoll sergeant (D:5)
  A scorpion (D:5)
  A bombardier beetle (D:3)
  An orc priest (D:4)
  A sleepcap (D:4)
  Robin (D:3)
  An adder (D:4)
  2 gnolls (D:5)
  A river rat (D:4)
  A dart slug (D:2)
  2 ribbon worms
  5 orcs
  2 endoplasms
  5 giant cockroaches
  15 goblins
  15 hobgoblins
  13 jackals
  2 quokkas
  9 ball pythons
  6 bats
  2 frilled lizards
  9 kobolds
  9 rats
111 creatures vanquished.

Notes
Turn   | Place    | Note
-------+----------+-------------------------------------------
     0 | D:1      | Alphaeus the Troll Shapeshifter began the quest for the
                  | Orb.
     0 | D:1      | Reached XP level 1. HP: 18/18 MP: 0/0
    82 | D:1      | Reached skill level 1 in Fighting
    84 | D:1      | Reached XP level 2. HP: 27/27 MP: 1/1
   546 | D:2      | Found Fiaveur's Magic Scroll Emporium.
   553 | D:2      | Bought a scroll of identify for 28 gold pieces
   649 | D:2      | Reached XP level 3. HP: 33/33 MP: 2/2
  1612 | D:3      | Noticed Robin
  1621 | D:3      | Reached XP level 4. HP: 23/41 MP: 3/3
  1644 | D:3      | Killed Robin
  1645 | D:3      | Reached skill level 4 in Unarmed Combat
  2023 | D:4      | Found a bloodstained altar of Trog.
  2055 | D:4      | Found Tupi's Magic Scroll Shoppe.
  2066 | D:4      | Bought a scroll of teleportation for 30 gold pieces
  2112 | D:4      | Found a glowing drain.
  2119 | D:4      | Reached XP level 5. HP: 45/49 MP: 4/4
  2133 | Sewer    | Entered a sewer
  2195 | Sewer    | Noticed Pargi
  2201 | Sewer    | Killed Pargi
  2355 | D:4      | Noticed an orc warrior
  2365 | D:4      | Killed an orc warrior
  2366 | D:4      | Reached skill level 5 in Unarmed Combat
  2366 | D:4      | Reached XP level 6. HP: 18/59 MP: 5/5
  2698 | D:4      | Reached skill level 5 in Shapeshifting
  2778 | D:4      | Found a glowing silver altar of Zin.
  2878 | D:4      | Found an opulent altar of Gozag.
  2887 | D:4      | Became a worshipper of Gozag Ym Sagoz the Greedy
  2936 | D:5      | Entered Level 5 of the Dungeon
  2951 | D:5      | Reached XP level 7. HP: 53/66 MP: 6/6
  3115 | D:5      | Reached skill level 6 in Unarmed Combat
  3175 | D:5      | Slain by a scorpion

Illustrated notes

Levels and vault maps discovered:
D:1:      minmay_arrival_semitransparent, layout_rooms
D:2:      layout_basic, serial_shops, shop, nicolae_figureground_sparkle
D:3:      layout_loops_corners, chequers_serial_rivers_room_a, uniq_robin
D:4:      layout_loops_cross, pdpol_temple_overflow_zin_treasury_gozag_greed,
          old_standard_altar, portal_sewer_entry_b, serial_shops, shop,
          st_stairs_13
D:5:      minmay_general_purpose_star, layout_loops_corners,
          grunt_temple_overflow_magic_moments, nicolae_hepliaklqana_hippocampus,
          mainiacjoe_overflow_concentric_impassable, kennysheep_mini_moat,
          mainiacjoe_overflow_paths, minmay_statues_item,
          minmay_increasing_density

Skill      XL: |  1  2  3  4  5  6  7 |
---------------+----------------------+-----
Fighting       | 1 2 3 |  3.2
Unarmed Combat | 4 5 6 |  6.3
Shapeshifting  | 4 5 |  5.9
Dodging        | |  1.5

Action                     |  1- 3 |  4- 6 |  7- 9 || total
---------------------------+-------+-------+-------++-------
  Melee: Unarmed           |   122 |   110 |    26 ||   258
         Punch             |     1 |     1 |     1 ||     3
    Use: Potion            |       |       |     1 ||     1
 Armour: Animal skin       |    78 |    76 |    22 ||   176
  Dodge: Dodged            |    66 |    41 |    15 ||   122
